 Dungeon Crawl Stone Soup version 0.14-a0-1313-gb2df4ef (webtiles) character file.

206 Psiweapon the Skirmisher (level 5, -2/33 HPs)
             Began as a Gargoyle Fighter on Dec 5, 2013.
             Slain by an ogre
             ... wielding a +0,+0 giant club
              (12 damage)
             ... on Level 3 of the Dungeon.
             The game lasted 00:08:09 (2369 turns).

Psiweapon the Skirmisher (Gargoyle Fighter)         Turns: 2369, Time: 00:08:09

HP  -2/33        AC 11     Str 20      XL: 5   Next:  9%
MP   5/5         EV  6     Int  9      God:
Gold 81          SH 18     Dex  9      Spells:  0 memorised,  4 levels left

rFire  . . .     SeeInvis .     a - +0 mace
rCold  . . .     Clarity  .     b - +0 scale mail
rNeg   + . .     Conserve .     c - +0 shield
rPois  +         rCorr    .     (no helmet)
rElec  +         rRot     +     (no cloak)
SustAb . .       Spirit   .     (no gloves)
rMut   .         Warding  .     (no boots)
Saprov . . .     Stasis   .     (no amulet)
                                (no ring)
                                (no ring)

@: slightly resistant to hostile enchantments, extremely unstealthy
A: life protection 1, electricity resistance, unbreathing, petrification
resistance, AC +4
a: no special abilities


You were on level 3 of the Dungeon.
You were very hungry.

You visited 1 branch of the dungeon, and saw 4 of its levels.

You collected 81 gold pieces.

Inventory:

Hand weapons
 a - a +0,+0 mace (weapon)
 x - a +0,+0 war axe
Missiles
 k - 6 darts of dispersal (quivered)
Armour
 b - a +0 scale mail (worn)
 c - a +0 shield (worn)
Magical devices
 w - a wand of teleportation (5) {unknown}
Comestibles
 d - 2 bread rations
 s - an apple
 v - a meat ration
Scrolls
 e - a scroll of blinking {unknown}
 g - a scroll of recharging {unknown}
 i - 2 scrolls of immolation {unknown}
 l - a scroll of amnesia {unknown}
 m - 5 scrolls of identify {unknown}
 n - a scroll of remove curse {unknown}
 p - a scroll of enchant weapon I {unknown}
 q - a scroll of curse armour {unknown}
 r - a scroll of fog {unknown}
Potions
 h - 2 potions of speed {unknown}
 j - a potion of curing {unknown}
 o - a potion of paralysis {unknown}
 t - a potion of agility {unknown}


   Skills:
 + Level 4.2 Fighting
 + Level 3.2 Maces & Flails
 + Level 4.2 Armour
 + Level 4.0 Shields


You had 4 spell levels left.
You didn't know any spells.

Dungeon Overview and Level Annotations

Branches:
Dungeon (4/16)
 Temple: D:4-7

Altars:
Yredelemnul

Annotations:
D:3 ark's ghost, average OgSk


Innate Abilities, Weirdness & Mutations

You are resistant to torment.
You are immune to poison.
Your stone body is very resilient (AC +4).
You resist negative energy.
You are resistant to electric shocks.
You can survive without breathing.
You are immune to petrification.


Message History

You block the ogre's attack.
You hit the ogre.
The ogre is lightly wounded.
The ogre hits you with a giant club!
Ouch! That really hurt!
You hit the ogre.
The ogre is lightly wounded.
The ogre barely misses you.
You hit the ogre.
The ogre is moderately wounded.
You hit the ogre.
The ogre is heavily wounded.
The ogre barely misses you. The ogre hits you with a giant club.
You hit the ogre.
The ogre is heavily wounded.
You block the ogre's attack.
Your scale mail prevents you from hitting the ogre.
The ogre is heavily wounded.
The ogre hits you with a giant club!
You die...

#....# #........# #.## ##.###
#........#####.##
####.#########.........)....##
###.....................o......#
#....#.#########........#).)....
#..<.#.# #........#.#....#
#....#.# #........#.#....#
#....#.##############..##.#....#
#..............@O......##.#..<.#
#....#.##############.###.######
##....#.##############.......####
.................................
######################.......####
######################O#######
w................O.g...#
########################


You could see an ogre.

Vanquished Creatures
  A hound (D:4)
  An adder (D:2)
  A giant mite (D:3)
  3 worms
  An ooze (D:2)
  5 orcs (D:3)
  7 bats
  2 giant cockroaches (D:1)
  8 goblins
  8 hobgoblins
  3 jackals (D:3)
  5 kobolds
  2 quokkas (D:2)
  A ball python (D:1)
  3 giant geckos
  3 giant newts (D:1)
  4 rats
58 creatures vanquished.

Notes
Turn   | Place    | Note
--------------------------------------------------------------
     0 | D:1      | Psiweapon, the Gargoyle Fighter, began the quest for the Orb.
     0 | D:1      | Reached XP level 1. HP: 14/14 MP: 1/1
   155 | D:1      | Reached XP level 2. HP: 19/19 MP: 2/2
   920 | D:2      | Reached XP level 3. HP: 23/23 MP: 3/3
  1465 | D:2      | Reached skill level 4 in Armour
  1598 | D:2      | Reached XP level 4. HP: 29/29 MP: 4/4
  1796 | D:2      | Found a basalt altar of Yredelemnul.
  2141 | D:4      | Reached XP level 5. HP: 17/33 MP: 5/5
  2318 | D:3      | Noticed an ogre
  2320 | D:3      | Noticed ark's ghost (average OgSk)
  2369 | D:3      | Slain by an ogre

Action                   |  1- 3 |  4- 6 || total
-------------------------+-------+-------++-------
Melee: Mace              |   125 |    96 ||   221
Throw: Dart              |     2 |     1 ||     3
